 Dungeon Crawl Stone Soup version 0.29.0 (webtiles) character file.

Game seed: 5942574778419994911

2739 Dorkslayer the Cleaver (level 9, -6/79 (81) HPs)
             Began as a Hill Orc Fighter on Sept 13, 2022.
             Was an Initiate of Gozag.
             Mangled by a wyvern (11 damage)
             ... on level 8 of the Dungeon.
             The game lasted 00:18:53 (7611 turns).

Dorkslayer the Cleaver (Hill Orc Fighter)           Turns: 7611, Time: 00:18:53

HP:   -6/79 (81)    AC: 14    Str: 21    XL:     9   Next: 68%
MP:   9/9           EV:  7    Int:  8    God:    Gozag
Gold: 520           SH:  6    Dex: 12    Spells: 8/8 levels left

rFire   + . .      SeeInvis .   m - +4 hand axe
rCold   . . .      Faith    .   c - +1 buckler
rNeg    . . .      Spirit   .   A - +0 plate armour
rPois   .          Reflect  .   (no helmet)
rElec   .          Harm     .   (no cloak)
rCorr   .          Rampage  .   (no gloves)
Will    .....                   i - +0 pair of boots
Stlth   ..........              (no amulet)
HPRegen 0.23/turn               C - ring of protection from fire
MPRegen 0.11/turn               (no ring)

@: about to teleport, gold aura, lightly drained
A: no striking features
a: Renounce Religion, Potion Petition, Call Merchant, Bribe Branch


You were on level 8 of the Dungeon.
You worshipped Gozag.
Gozag was pleased with you.
You visited 2 branches of the dungeon, and saw 9 of its levels.
You also visited: Sewer.

You collected 661 gold pieces.
You paid 141 gold pieces to Gozag.

Inventory:

Hand Weapons
 a - a +0 war axe
 m - a +4 hand axe (weapon)
Missiles
 B - a throwing net (quivered)
 D - 6 javelins
Armour
 c - a +1 buckler (worn)
 i - a +0 pair of boots (worn)
 A - a +0 plate armour (worn)
Jewellery
 C - a ring of protection from fire (left hand)
Wands
 x - a wand of charming (3)
 y - a wand of light (2)
 E - a wand of flame (12)
Scrolls
 d - 2 scrolls of blinking {unknown}
 e - a scroll of teleportation
 h - 2 scrolls of fear
 o - 2 scrolls of magic mapping {unknown}
 q - 5 scrolls of butterflies {unknown}
 s - a scroll of immolation
 t - a scroll of enchant armour
 v - a scroll of enchant weapon {unknown}
 w - a scroll of amnesia {unknown}
Potions
 b - 3 potions of mutation
 f - a potion of curing
 g - 2 potions of berserk rage
 j - a potion of flight {unknown}
 k - a potion of haste
 l - a potion of ambrosia
 n - 2 potions of resistance
 r - 3 potions of brilliance
 u - 2 potions of magic
 z - a potion of lignification


   Skills:
 * Level 8.0 Fighting
 + Level 9.8 Axes
 * Level 1.1 Throwing
 + Level 7.1 Armour
 + Level 3.0 Dodging
 + Level 0.9 Stealth
 + Level 4.9 Shields
 + Level 0.3 Unarmed Combat
 * Level 3.4 Evocations


You had 8 spell levels left.
You didn't know any spells.
Your spell library contained the following spells:

 Spells                   Type           Power      Damage    Failure   Level
 Dazzling Flash           Conj/Hex       0%         N/A       100%        3
 Portal Projectile        Hex/Tloc       0%         N/A       100%        3
 Tukima's Dance           Hex            0%         N/A       100%        3
 Iskenderun's Mystic Bla  Conj/Tloc      0%         2d3       100%        4
 Blade Hands              Tmut           0%         N/A       100%        5
 Starburst                Conj/Fire      0%         6d3       100%        6
 Chain Lightning          Conj/Air       0%         N/A       100%        9
 Fire Storm               Conj/Fire      0%         5d1       100%        9
 Shatter                  Erth           0%         3d5*      100%        9


Dungeon Overview and Level Annotations

Branches:
Dungeon (8/15)             Temple (1/1) D:7           Sewer (visited)
   Lair: D:8-11

Altars:
Cheibriados
Elyvilon
Fedhas
Gozag
Hepliaklqana
Makhleb
Nemelex Xobeh
Okawaru
Qazlal
Ru
Sif Muna
Trog
Vehumet
Wu Jian
Yredelemnul
Zin
The Shining One

Shops:
D:2 ===:   D:5 [


Message History

The bolt of light hits the wight!
The wight is severely damaged.
The wight is blinded.
The bolt of light misses the wight.
You hear an angry hiss.
The wyvern barely misses you.
A wyvern comes into view.
The wyvern bites you but does no damage.
You hit the wight.
The wight is almost destroyed.
You hit the wight. You hit the wyvern. You block the wyvern's attack.
The wight hits you but does no damage.
You slash the wight!
You destroy the wight!
You hit the wight. You closely miss the wyvern.
The wyvern bites you but does no damage.
The wight hits you with a +0 flail.
Your Fighting skill increases to level 8!
You hit the wight but do no damage.
The wight is lightly damaged.
You closely miss the wight. You hit the wyvern. You block the wyvern's attack.
The wight hits you with a +2 scimitar! The wight closely misses you.
The wyvern bites you!
* * * LOW HITPOINT WARNING * * *
Unknown command.
As you read the scroll of teleportation, it crumbles to dust.
You feel strangely unstable. The wyvern bites you!
* * * LOW HITPOINT WARNING * * *
You block the wight's attack. The wight hits you with a +0 flail.
* * * LOW HITPOINT WARNING * * *
You feel drained.
* * * LOW HITPOINT WARNING * * *
You feel better. You block the wyvern's attack.
The wight hits you with a +2 scimitar!
* * * LOW HITPOINT WARNING * * *
You block the wight's attack.
The wyvern bites you but does no damage.
The wight attacks as you move away! The wight closely misses you.
The wyvern bites you!
You die...
Your body crumbles into a pile of gold.

... .... #... #..#
#########..# ###......#..#
##........zz.##
#..........l..##
#........@l....#
#...............#
#..............?# #.#
##................##.#
#.................##.#
#####..................#.#
#......................#.#
#####..................#.#
#..................#.#


You could see 2 wyverns and 2 wights.

Vanquished Creatures
  Psyche (D:8)
  An ice beast (D:7)
  2 orc warriors
  2 ogres
  4 centaurs
  A phantom (D:5)
  A gnoll sergeant (D:7)
  2 scorpions (D:4)
  5 bullfrogs
  A necrophage (D:4)
  A wight (D:8)
  A hound (D:6)
  A jelly (D:7)
  A gnoll bouda (D:7)
  3 orc priests
  5 iguanas
  3 orc wizards
  11 gnolls
  14 adders
  7 river rats
  2 white imps
  An ufetubus (D:6)
  2 worms
  4 dart slugs
  17 orcs
  13 endoplasms
  9 giant cockroaches
  5 goblins
  4 hobgoblins
  7 jackals
  A quokka (D:2)
  14 ball pythons
  5 bats
  10 frilled lizards
  6 kobolds (D:1)
  28 rats
195 creatures vanquished.

Vanquished Creatures (collateral kills)
  A sky beast (D:6)
  A bullfrog (D:6)
  4 gnolls
6 creatures vanquished.

Vanquished Creatures (others)
  A bullfrog (D:8)
  An adder (D:8)
  An orc (D:8)
3 creatures vanquished.

Grand Total: 204 creatures vanquished

Notes
Turn   | Place    | Note
-------+----------+-------------------------------------------
     0 | D:1      | Dorkslayer the Hill Orc Fighter began the quest for the
                  | Orb.
     0 | D:1      | Reached XP level 1. HP: 19/19 MP: 1/1
   209 | D:1      | Reached XP level 2. HP: 27/27 MP: 2/2
   392 | D:1      | Reached skill level 3 in Axes
   511 | D:1      | Reached XP level 3. HP: 33/33 MP: 3/3
   545 | D:1      | Found a faded altar of an unknown god.
   898 | D:2      | Reached XP level 4. HP: 38/40 MP: 4/4
   943 | D:2      | Reached skill level 4 in Axes
   946 | D:2      | Found Cyrghosa's Jewellery Boutique.
   957 | D:2      | Reached skill level 1 in Dodging
  1042 | D:2      | Found Vunlebib's Jewellery Shoppe.
  1217 | D:2      | Found Fitzeq's Jewellery Boutique.
  1225 | D:2      | Found Patwaj's Book Boutique.
  1342 | D:3      | Reached XP level 5. HP: 11/47 MP: 5/5
  1754 | D:3      | Reached skill level 5 in Axes
  2132 | D:4      | Found a hazy altar of Hepliaklqana.
  2134 | D:4      | Found a white marble altar of Elyvilon.
  2136 | D:4      | Found a bloodstained altar of Trog.
  2136 | D:4      | Found a stormy altar of Qazlal.
  2156 | D:4      | Reached XP level 6. HP: 47/55 MP: 6/6
  2434 | D:4      | Reached skill level 5 in Fighting
  2434 | D:4      | Reached skill level 6 in Axes
  2514 | D:4      | Found a glowing drain.
  2527 | Sewer    | Entered a sewer
  2849 | Sewer    | Reached XP level 7. HP: 54/61 MP: 7/7
  3452 | D:4      | Reached skill level 7 in Axes
  3986 | D:5      | Entered Level 5 of the Dungeon
  4313 | D:5      | Reached skill level 5 in Armour
  4313 | D:5      | Reached XP level 8. HP: 23/71 MP: 8/8
  4603 | D:5      | Found Duolosch's Armour Shoppe.
  5055 | D:6      | Found a large runed translucent door.
  5056 | D:6      | Found a large runed translucent door.
  5132 | D:6      | Found a burning altar of Makhleb.
  5141 | D:6      | Found a basalt altar of Yredelemnul.
  5272 | D:6      | Found a radiant altar of Vehumet.
  5476 | D:6      | Reached skill level 1 in Evocations
  5880 | D:7      | Reached skill level 8 in Axes
  6015 | D:7      | Found a shimmering blue altar of Sif Muna.
  6111 | D:7      | Found a staircase to the Ecumenical Temple.
  6124 | Temple   | Entered the Ecumenical Temple
  6145 | Temple   | Became a worshipper of Gozag Ym Sagoz the Greedy
  6240 | D:7      | Reached XP level 9. HP: 7/79 MP: 9/9
  6935 | D:7      | Reached skill level 9 in Axes
  7516 | D:8      | Noticed Psyche
  7551 | D:8      | Killed Psyche
  7552 | D:8      | Reached skill level 1 in Throwing
  7611 | D:8      | Mangled by a wyvern

Illustrated notes

Levels and vault maps discovered:
D:1:      dpeg_arrival_concentric_ovals, layout_loops_ring,
          basic_ecumenical_altar
D:2:      layout_rooms, serial_shops, shop, nicolae_shop_stone, shop,
          nicolae_shop_competitors_out_of_business
D:3:      layout_rooms
D:4:      layout_layer_cave, grunt_temple_overflow_open, portal_sewer_entry_e
D:5:      layout_basic, serial_shops, shop, minmay_misc_feat_x
D:6:      layout_loops_corners, vehumet_crystals, jmf_multi_god_temple2
D:7:      layout_loops_corners, mainiacjoe_overflow_catwalk,
          minmay_temple_entry_crystal_x, minmay_misc_feat_columns,
          nicolae_eternal_life
D:8:      layout_cave_pods, gammafunk_ghost_icy, uniq_psyche
Temple:   zaba_magenta_temple

Skill      XL: |  1  2  3  4  5  6  7  8  9 |
---------------+----------------------------+-----
Fighting       | 4 5 6 7 8 |  8.0
Axes           | 3 4 5 6 7 8 9 |  9.8
Dodging        | 1 2 3 |  3.0
Armour         | 4 5 6 7 |  7.1
Shields        | 4 |  4.9
Evocations     | 2 3 |  3.4
Throwing       | 1 |  1.1
Stealth        | |  0.9
Unarmed Combat | |  0.3

Action                   |  1- 3 |  4- 6 |  7- 9 || total
-------------------------+-------+-------+-------++-------
Melee: War axe           |    75 |    52 |       ||   127
       Hand axe          |       |   104 |   276 ||   380
       Unarmed           |       |       |    11 ||    11
Evoke: Wand              |       |       |    11 ||    11
  Use: Potion            |     1 |       |     6 ||     7
       Scroll            |       |    11 |     7 ||    18
Armor: Scale mail        |    35 |    88 |    53 ||   176
       Chain mail        |       |       |    30 ||    30
       Plate armour      |       |       |    94 ||    94
       Skin              |       |       |     3 ||     3
Dodge: Dodged            |    33 |    82 |   143 ||   258
Block: Buckler           |    14 |    39 |    79 ||   132
